 Dungeon Crawl Stone Soup version 0.26.1-2-gb8aa6d0cf2 (webtiles) character file.

Game seed: 2592393733600952555

722 dohliylev the Skirmisher (level 7, -2/47 HPs)
             Began as a Gargoyle Berserker on Mar 27, 2021.
             Was a Priest of Trog.
             Splashed by a jelly's acid (7 damage)
             ... on level 5 of the Dungeon.
             The game lasted 00:06:53 (3689 turns).

dohliylev the Skirmisher (Gargoyle Berserker)       Turns: 3689, Time: 00:06:53

Health: -2/47      AC:  2    Str: 22    XL:     7   Next: 71%
Magic:  7/7        EV: 12    Int:  8    God:    Trog [***...]
Gold:   243        SH:  0    Dex:  9    Spells: 6/6 levels left

rFire    . . .     SeeInvis .   a - +0 hand axe
rCold    . . .     Faith    .   (no shield)
rNeg     + . .     Spirit   .   q - +0 leather armour (curse)
rPois    ∞         Reflect  .   (no helmet)
rElec    +         Harm     .   f - +0 cloak
rCorr    .         Rampage  .   s - +0 pair of gloves
Will     .....                  (no boots)
Stlth    ..........             (no amulet)
HPRegen  0.15/turn              l - ring of attention (curse)
MPRegen  0.10/turn              (no ring)

@: corroded, berserk cooldown, slowed, very slow
A: negative energy resistance 1, electricity resistance, unbreathing,
petrification resistance, miasma immunity, AC +4
a: Renounce Religion, Berserk, Trog's Hand


You were on level 5 of the Dungeon.
You worshipped Trog.
Trog was most pleased with you.
You visited 1 branch of the dungeon, and saw 5 of its levels.

You collected 243 gold pieces.

Inventory:

Hand Weapons
 a - a +0 hand axe (weapon)
Armour
 f - a +0 cloak (worn)
 n - a +0 chain mail
 q - a cursed +0 leather armour (worn)
 s - a +0 pair of gloves (worn)
Jewellery
 l - a cursed ring of attention (left hand)
 y - an uncursed amulet of the acrobat {unknown}
Wands
 h - a wand of polymorph (11)
 x - a wand of digging (6)
Scrolls
 b - 5 scrolls of identify {unknown}
 c - 3 scrolls of amnesia {unknown}
 d - a scroll of immolation {unknown}
 e - 5 scrolls of teleportation {unknown}
 j - 4 scrolls of remove curse {unknown}
 k - a scroll of blinking {unknown}
 t - a scroll of enchant weapon {unknown}
 u - a scroll of noise {unknown}
 v - a scroll of random uselessness {unknown}
Potions
 g - a potion of mutation {unknown}
 i - 2 potions of flight {unknown}
 m - a potion of magic {unknown}
 o - 3 potions of lignification {unknown}
 p - a potion of heal wounds {unknown}
 r - a potion of brilliance {unknown}
 w - a potion of degeneration {unknown}


   Skills:
 * Level 6.3 Fighting
 + Level 5.6 Axes
 - Level 2.5 Armour
 + Level 3.2 Dodging


You had 6 spell levels left.
You didn't know any spells.
Your spell library was empty.

Dungeon Overview and Level Annotations

Branches:
Dungeon (5/15)             Temple (0/1) D:5

Altars:
Fedhas
The Shining One


Innate Abilities, Weirdness & Mutations

You are resistant to torment.
Your stone body is resilient. (AC +4)
You are immune to poison.
You resist negative energy. (rN+)
You are resistant to electric shocks. (rElec)
You can survive without breathing.
You are immune to petrification.
You are immune to miasma.


Message History

The jelly barely misses you.
You hit the jelly. The acid corrodes you!
Your hands burn!
The jelly is heavily wounded.
The jelly hits you but does no damage. The jelly hits you.
You are splashed with acid!
* * * LOW HITPOINT WARNING * * *
You hit the jelly but do no damage.
Your hands burn!
* * * LOW HITPOINT WARNING * * *
The jelly is heavily wounded.
The jelly closely misses you.
You hit the jelly. The acid corrodes you!
Your hands burn!
* * * LOW HITPOINT WARNING * * *
The jelly is severely wounded.
The jelly closely misses you. The jelly barely misses you.
The jelly hits you but does no damage. The jelly completely misses you.
The jelly hits you.
* * * LOW HITPOINT WARNING * * *
You are splashed with acid!
You die...

#.....# #.....# +.....#
#.....# #.....#
#.......... #.....#
#.......... #.....#
#.......... +...@.#
#.......... #...J.#
#..........
#####.....#####..........
.......)..#...#..........
..........#...#..<.......
.........(#...###'###....
..........(...#.....#....
..........#(..'.....#....
..........#'####....#....


You could see a jelly.

Vanquished Creatures
  Edmund (D:5)
  A phantom (D:5)
  An ogre (D:4)
  A centaur (D:5)
  2 scorpions
  Ijyb (D:5)
  3 worker ants
  5 adders
  A white imp (D:5)
  2 ufetubi (D:5)
  3 oozes
  A worm (D:3)
  2 dart slugs
  A leopard gecko (D:5)
  An orc (D:4)
  7 giant cockroaches
  11 goblins
  7 hobgoblins
  2 jackals (D:4)
  A quokka (D:4)
  A ball python (D:4)
  11 bats
  6 frilled lizards
  7 kobolds
  5 rats
84 creatures vanquished.

Notes
Turn   | Place    | Note
-------+----------+-------------------------------------------
     0 | D:1      | dohliylev the Gargoyle Berserker began the quest for the
                  | Orb.
     0 | D:1      | Reached XP level 1. HP: 14/14 MP: 1/1
    87 | D:1      | Reached XP level 2. HP: 14/19 MP: 2/2
   461 | D:1      | Reached XP level 3. HP: 20/24 MP: 3/3
   764 | D:2      | Reached ** piety under Trog
   925 | D:2      | Reached skill level 4 in Fighting
  1024 | D:2      | Reached XP level 4. HP: 27/29 MP: 4/4
  1228 | D:2      | Found a glowing golden altar of the Shining One.
  1231 | D:2      | Found a blossoming altar of Fedhas.
  2010 | D:4      | Noticed an ogre
  2021 | D:4      | Killed an ogre
  2022 | D:4      | Reached XP level 5. HP: 34/34 MP: 5/5
  2210 | D:4      | Reached XP level 6. HP: 13/40 MP: 6/6
  2441 | D:4      | Reached skill level 5 in Fighting
  3061 | D:5      | Entered Level 5 of the Dungeon
  3079 | D:5      | Noticed a phantom
  3088 | D:5      | Killed a phantom
  3138 | D:5      | Reached skill level 5 in Axes
  3277 | D:5      | Noticed Ijyb
  3283 | D:5      | Killed Ijyb
  3415 | D:5      | Reached XP level 7. HP: 44/44 MP: 7/7
  3457 | D:5      | Reached *** piety under Trog
  3461 | D:5      | Noticed Edmund
  3474 | D:5      | Killed Edmund
  3518 | D:5      | Reached skill level 6 in Fighting
  3569 | D:5      | Found a staircase to the Ecumenical Temple.
  3689 | D:5      | Splashed by a jelly's acid

Illustrated notes

Levels and vault maps discovered:
D:1:      roderic_dead_forest, layout_rooms, minmay_misc_feat_square,
          chequers_avenue, st_stairs_7
D:2:      layout_basic, nicolae_overflow_hidden_temple,
          kennysheep_generic_room_8
D:3:      kennysheep_big_flooded_room, layout_rooms,
          chequers_serial_rivers_micro_b
D:4:      layout_loops_ring
D:5:      layout_gridville, minmay_temple_entry_poolview, uniq_edmund, uniq_ijyb

Skill      XL: |  1  2  3  4  5  6  7 |
---------------+----------------------+-----
Axes           | 3 4 5 |  5.6
Fighting       | 4 5 6 |  6.3
Dodging        | 2 3 |  3.2
Armour         | |  2.5

Action                   |  1- 3 |  4- 6 |  7- 9 || total
-------------------------+-------+-------+-------++-------
Melee: Hand axe          |    88 |   225 |    37 ||   350
Invok: Berserk           |       |     4 |     2 ||     6
Armor: Animal skin       |     8 |       |       ||     8
       Leather armour    |    26 |    75 |    22 ||   123
       Ring mail         |     1 |    67 |       ||    68
       Chain mail        |       |    14 |       ||    14
Dodge: Dodged            |    90 |   200 |    27 ||   317
